 Dungeon Crawl Stone Soup version 0.30-a0-329-g85436e0a43 (webtiles) character file.

Game seed: 10415845039921568386

37377 tilp the Dealer of Despair (level 13, -1/103 HPs)
             Began as a Mummy Necromancer on Oct 28, 2022.
             Was an Elder of Kikubaaqudgha.
             Slain by an orc warrior
             ... wielding a +0 glaive
              (10 damage)
             ... on level 2 of the Orcish Mines.
             The game lasted 00:42:38 (25948 turns).

tilp the Dealer of Despair (Mummy Necromancer)     Turns: 25948, Time: 00:42:38

Health: -1/103     AC: 16    Str: 12    XL:     13   Next: 58%
Magic:  0/25       EV: 14    Int: 19    God:    Kikubaaqudgha [****..]
Gold:   720        SH:  0    Dex: 12    Spells: 1/29 levels left

rFire   . . .      SeeInvis .    a - +2 trident (protect)
rCold   + . .      Faith    +    d - orb {light}
rNeg    + + +      Spirit   +    c - +0 robe
rPois   ∞          Reflect  .    p - +2 helmet
rElec   .          Harm     .    z - +2 cloak {Stlth+}
rCorr   .          Rampage  .    R - +0 pair of gloves
Will    +....                    H - +1 pair of boots
Stlth   ++........               f - amulet of guardian spirit
HPRegen 0.37/turn                G - ring of protection from fire
MPRegen 0.19/turn                B - +4 ring of protection

@: animating dead, glowing
A: cold resistance 1, negative energy resistance 3, torment resistance 2, heat
vulnerability 1, in touch with death 2, no potions, faith
a: Renounce Religion, Unearth Wretches


You were on level 2 of the Orcish Mines.
You worshipped Kikubaaqudgha.
Kikubaaqudgha was greatly pleased with you.
You visited 4 branches of the dungeon, and saw 20 of its levels.
You also visited: Ossuary.

You collected 1156 gold pieces.
You spent 436 gold pieces at shops.

Inventory:

Hand Weapons
 a - a +2 trident of protection (weapon)
 b - a +1 dagger of venom
 r - a +1 whip
 x - a +2 quarterstaff of chaos
 F - a +1 shortbow of electrocution
Missiles
 e - 154 stones (quivered)
 j - 23 poisoned darts
 A - 7 boomerangs
 J - a curare-tipped dart
 P - 2 throwing nets
 Q - 2 atropa-tipped darts
Armour
 c - a +0 robe (worn)
 d - an orb of light (worn)
 l - a +0 kite shield
 p - a +2 helmet (worn)
 z - a +2 cloak of stealth (worn)
 H - a +1 pair of boots (worn)
 K - the +18 Lear's hauberk
   (You found it on level 10 of the Dungeon)
 R - a +0 pair of gloves (worn)
Jewellery
 f - an amulet of guardian spirit (around neck)
 h - a ring of magical power
 q - the amulet of Tuine {RegenMP rElec rN+ Int-3 Stlth+}
   (You acquired it on level 3 of the Dungeon)

   [amulet of magic regeneration]

   It increases your rate of magic regeneration.
   Int:       It affects your intelligence (-3).
   rElec:     It insulates you from electricity.
   rN:        It protects you from negative energy.
   Stlth:     It makes you more stealthy.
 s - a +6 ring of strength
 t - a ring of protection from cold
 B - a +4 ring of protection (right hand)
 G - a ring of protection from fire (left hand)
 N - a ring of protection from cold
 S - a +4 ring of evasion
Wands
 m - a wand of light (21)
 n - a wand of digging (5)
 u - a wand of polymorph (11)
 v - a wand of flame (19)
Scrolls
 g - 5 scrolls of teleportation
 i - 2 scrolls of fear
 k - 3 scrolls of enchant weapon
 o - 2 scrolls of vulnerability
 w - 7 scrolls of immolation
 y - 2 scrolls of magic mapping
 C - 3 scrolls of amnesia
 E - a scroll of blinking
 L - 10 scrolls of identify
 M - a scroll of silence
 O - 3 scrolls of poison


   Skills:
 - Level 10.0 Fighting
 + Level 3.8 Armour
 + Level 7.2 Dodging
 - Level 4.0 Stealth
 + Level 8.9 Spellcasting
 * Level 5.4 Hexes
 * Level 13.5 Necromancy
 * Level 5.0 Earth Magic
 + Level 7.1 Evocations


You had one spell level left.
You knew the following spells:

 Your Spells              Type           Power      Damage    Failure   Level
a - Necrotise             Necr           100%       1d9       1%          1
b - Vampiric Draining     Necr           94%        2d12      1%          3
c - Animate Dead          Necr           94%        N/A       1%          4
d - Anguish               Hex/Necr       39%        N/A       1%          4
e - Kiss of Death         Conj/Necr      100%       2d13      1%          1
f - Dispel Undead         Necr           94%        3d30      1%          4
g - Borgnjor's Vile Clut  Necr/Erth      39%        N/A       5%          5
h - Death Channel         Necr           47%        N/A       4%          6

Your spell library contained the following spells:

 Spells                   Type           Power      Damage    Failure   Level
 Agony                    Necr           94%        N/A       1%          5
 Confusing Touch          Hex            29%        N/A       2%          3
 Infestation              Necr           47%        N/A       91%         8
 Haunt                    Necr/Summ      33%        N/A       99%         7


Dungeon Overview and Level Annotations

Branches:
Dungeon (12/15)            Temple (1/1) D:7            Lair (5/5) D:8
  Swamp (0/4) Lair:2        Snake (0/4) Lair:3        Slime (0/5) Lair:5
    Orc (2/2) D:12        Ossuary (visited)
    Elf: Orc:2

Altars:
Ashenzari
Cheibriados
Dithmenos
Fedhas
Gozag
Hepliaklqana
Kikubaaqudgha
Makhleb
Nemelex Xobeh
Okawaru
Qazlal
Ru
Sif Muna
Trog
Uskayaw
Vehumet
Wu Jian
Xom
Yredelemnul

Shops:
D:2 **   D:6 (   D:9 :   D:10 :*   D:11 =

Portals:
Abyss: D:6

Annotations:
D:6 2 transporters, Potemkin's ghost, novice FoFi
D:9 2 transporters, ouz's ghost, journeyman FoFi
D:10 2 runed translucent doors, Tenar's ghost, journeyman BaEE
D:11 amazing ring
D:12 1 runed translucent door, Sosopn's ghost, journeyman MiFi
Lair:1 3 runed translucent doors, Urug; Ycunkos's ghost, journeyman MfGl; gabibbone's ghost, journeyman DjVM
Lair:3 exclusion: 3 oklob plants
Lair:5 not started, all entrances difficult


Innate Abilities, Weirdness & Mutations

You are immune to poison.
Your flesh is cold resistant. (rC+)
You are immune to negative energy. (rN+++)
You are immune to unholy pain and torment.
You are vulnerable to heat. (rF-)
You are strongly in touch with the powers of death.
You do not drink.
You have a special connection with the divine. (Faith)


Message History

The ogre looks frightened!
The ogre gives up.
Your orc warrior zombie hits the ogre!
Your ogre zombie hits the orc!
The orc dies!
Kikubaaqudgha accepts your kill.
The troll bites your orc priest zombie!!
The troll claws your orc priest zombie.
Your orc priest zombie is destroyed!
Something closely misses your orc warrior zombie.
The orc hits your orc warrior zombie with a +0 short sword.
Your orc zombie closely misses the troll.
Unknown command.
Unknown command.
Unknown command.
Unknown command.
The ogre hits something with a +0 giant club!!
Your orc warrior zombie hits the orc but does no damage.
Your orc warrior zombie's attack snaps the orc out of its fear.
The orc hits your orc zombie with a +0 club!
Your orc zombie is destroyed!
The troll bites your orc warrior zombie.
The troll claws your orc warrior zombie! x2
Found 26 gold pieces.
The orc hits your orc warrior zombie with a +0 club.
The troll bites something!
The troll claws something!
Unknown command.
Your surroundings suddenly seem different. 15 orcs come into view.
An orc sorcerer is wielding a +0 dagger and wearing a +2 robe of the Archmagi.
An orc warlord is wielding a +3 long sword of holy wrath.
An orc is wielding a +2 vorpal morningstar.
Found a roughly hewn altar of Beogh.
The orc sorcerer shouts!
The orc warrior shouts!
The orc high priest shouts!
The orc warlord shouts!
The orc warrior shouts!
The orc shouts! x2
The orc warrior shouts! x3; You hear a shout! x4
An orc priest comes into view. It is wielding a +0 dagger.
A troll comes into view.
The orc high priest hits you from afar with a +0 halberd.
* * * LOW HITPOINT WARNING * * *
The orc warrior hits you with a +0 glaive!
You die...
Kikubaaqudgha rasps: "You have failed me!
Welcome... oblivion!"

... #.o. ##
.....
##.#####o....
##...8.....o..
#.......o.....
#...o.oo...._
#....@o..ooo.
##..8..o.o..T
#######....o
o... .o. .. .


You could see an orc warlord, 2 orc knights, an orc high priest, a troll
(wandering), an orc sorcerer, 7 orc warriors, an orc priest (wandering) and 3
orcs.

Vanquished Creatures
  2 hydras
  3 two-headed ogres
  Erica (Lair:2)
  3 death yaks (Lair:2)
  Nergalle (Lair:3)
  Pikel (D:9)
  An orc knight (Orc:2)
  An ugly thing (D:12)
  A cyclops (D:11)
  A black mamba (Lair:3)
  Joseph (D:7)
  4 cane toads
  A gargoyle (D:11)
  A rime drake (Lair:3)
  4 komodo dragons
  A troll (D:10)
  3 hornets
  5 slime creatures
  A blink frog (Lair:3)
  39 yaks
  A shadow (D:11)
  4 wyverns
  A basilisk (Lair:3)
  5 vampire mosquitoes (D:10)
  A steam dragon (D:8)
  4 wargs
  3 acid dragons
  4 water moccasins
  9 orc warriors
  2 sky beasts (D:6)
  A black bear (Lair:3)
  An ogre (D:5)
  6 centaurs
  2 wolves (Lair:2)
  2 kobold brigands
  8 bullfrogs
  A necrophage (D:6)
  A gnoll sergeant (D:8)
  3 scorpions
  3 wights (D:7)
  6 killer bees (D:11)
  4 howler monkeys
  A crimson imp (D:6)
  4 centaur zombies
  6 orc priests
  Crazy Yiuf (D:2)
  4 jellies
  A human zombie (Ossuary)
  A gnoll bouda (D:9)
  Jessica (D:2)
  2 iguanas
  14 orc wizards
  Natasha (thrice) (D:3)
  Terence (D:2)
  2 mummies (Ossuary)
  Robin (D:4)
  10 gnolls
  7 adders
  A white imp (D:6)
  2 ufetubi
  4 worms
  4 dart slugs
  43 orcs
  6 bats
  2 endoplasms
  7 giant cockroaches
  A gnoll zombie (Ossuary)
  11 goblins
  11 hobgoblins
  5 quokkas
  4 ball pythons
  2 frilled lizards
  2 goblin zombies (Ossuary)
  18 kobolds
  A kobold zombie (Ossuary)
  An orc zombie (Ossuary)
  7 rats
338 creatures vanquished.

Vanquished Creatures (collateral kills)
  A two-headed ogre (D:11)
  A death yak (Lair:2)
  2 bog bodies (Lair:2)
  A lindwurm (Lair:3)
  An ugly thing (D:12)
  A black mamba (Lair:2)
  A cane toad (Lair:4)
  A polar bear (Lair:4)
  A slime creature (D:12)
  12 yaks
  A warg (D:12)
  3 water moccasins
  7 wolves
  4 bullfrogs
  An orc priest (Orc:1)
  An orc wizard (Orc:1)
  7 orcs
  An endoplasm (D:1)
47 creatures vanquished.

Vanquished Creatures (others)
  A hydra (Lair:3)
  A boulder beetle (Lair:4)
  2 death yaks
  An orc knight (Orc:2)
  2 cane toads
  2 komodo dragons
  A rime drake (Lair:3)
  A troll (Orc:1)
  2 blink frogs (Lair:3)
  5 yaks
  A black mamba zombie (Lair:3)
  A cane toad zombie (Lair:3)
  A water moccasin (Lair:4)
  2 orc warriors
  3 wolves (Lair:3)
  2 ogres (Orc:2)
  A lindwurm zombie (Lair:3)
  A komodo dragon zombie (Lair:2)
  4 water moccasin zombies
  2 warg zombies (D:12)
  8 yak zombies
  4 wolf zombies (Lair:2)
  An electric eel (Lair:1)
  2 bullfrog zombies (Lair:3)
  2 ogre zombies (Orc:2)
  14 orc zombies
  2 orcs (Orc:1)
  26 fungi
  78 plants
173 creatures vanquished.

Grand Total: 558 creatures vanquished

Notes
Turn   | Place    | Note
-------+----------+-------------------------------------------
     0 | D:1      | tilp the Mummy Necromancer began the quest for the Orb.
     0 | D:1      | Reached XP level 1. HP: 13/13 MP: 4/4
   175 | D:1      | Reached XP level 2. HP: 20/20 MP: 2/5
   476 | D:1      | Reached skill level 1 in Fighting
   664 | D:1      | Found a faded altar of an unknown god.
   855 | D:2      | Found Udaifula's Assorted Antiques.
   885 | D:2      | Bought a scroll labelled ZIGGOHOGEP for 27 gold pieces
   911 | D:2      | Noticed Terence
   911 | D:2      | Noticed Jessica
   980 | D:2      | Gained mutation: You are in touch with the powers of death.
                  | [Mummy growth]
   980 | D:2      | Reached XP level 3. HP: 26/26 MP: 0/7
  1093 | D:2      | Learned a level 3 spell: Vampiric Draining
  1113 | D:2      | Found Darro's Assorted Antiques.
  1117 | D:2      | Bought a scroll labelled KOCURO OCAOC for 24 gold pieces
  1117 | D:2      | Bought a scroll labelled ZIGGOHOGEP for 24 gold pieces
  1211 | D:2      | Found a radiant altar of Vehumet.
  1279 | D:2      | Killed Terence
  1293 | D:2      | Reached XP level 4. HP: 27/33 MP: 5/8
  1533 | D:2      | Found a runed translucent door.
  1534 | D:2      | Noticed Crazy Yiuf
  1620 | D:2      | Found a radiant altar of Vehumet.
  1648 | D:2      | Killed Jessica
  1649 | D:2      | Reached skill level 5 in Necromancy
  1693 | D:3      | Noticed Natasha
  1700 | D:3      | Killed Natasha
  1774 | D:3      | Reached XP level 5. HP: 38/38 MP: 9/9
  2035 | D:3      | Noticed Natasha
  2042 | D:3      | Killed Natasha
  2137 | D:3      | Reached skill level 6 in Necromancy
  2474 | D:3      | You fall into a shaft and drop 1 floor!
  2486 | D:5      | Entered Level 5 of the Dungeon
  2776 | D:4      | Noticed Robin
  2960 | D:3      | Reached XP level 6. HP: 35/45 MP: 10/10
  3065 | D:4      | Killed Robin
  3262 | D:3      | Noticed Natasha
  3273 | D:3      | Killed Natasha
  3959 | D:3      | Identified a scroll of acquirement
  3960 | D:3      | Acquired the amulet of Tuine {RegenMP rElec rN+ Int-3
                  | Stlth+}
  4018 | D:2      | Bought an onyx ring for 120 gold pieces
  4886 | D:5      | Reached XP level 7. HP: 52/52 MP: 12/12
  4919 | D:5      | Found a sparkling altar of Nemelex Xobeh.
  4926 | D:5      | Found a bloodstained altar of Trog.
  4927 | D:5      | Found an opulent altar of Gozag.
  4929 | D:5      | Found a hide-covered altar of Uskayaw.
  4930 | D:5      | Found a shadowy altar of Dithmenos.
  4937 | D:5      | Found a shimmering altar of Xom.
  5738 | D:6      | Reached skill level 7 in Necromancy
  5853 | D:6      | Noticed a purple ugly thing
  5980 | D:6      | Reached XP level 8. HP: 57/60 MP: 14/14
  6082 | D:6      | Found Roheh's Weapon Boutique.
  6221 | D:6      | Reached skill level 5 in Spellcasting
  6238 | D:6      | Found a transporter.
  6243 | D:6      | Reached skill level 8 in Necromancy
  6320 | D:6      | Noticed a thrashing horror
  6321 | D:6      | Found a transporter.
  6325 | D:6      | Found a one-way gate to the infinite horrors of the Abyss.
  6388 | D:6      | Noticed Potemkin's ghost (novice FoFi)
  6495 | D:6      | Learned a level 4 spell: Animate Dead
  6565 | D:6      | Found a radiant altar of Vehumet.
  6566 | D:6      | Found a burning altar of Makhleb.
  6748 | D:2      | Killed Crazy Yiuf
  7075 | D:7      | Reached skill level 1 in Evocations
  7172 | D:7      | Found a hazy altar of Hepliaklqana.
  7727 | D:7      | Noticed Joseph
  7741 | D:7      | Killed Joseph
  7742 | D:7      | Reached skill level 5 in Fighting
  7742 | D:7      | Reached XP level 9. HP: 59/68 MP: 8/17
  7991 | D:7      | Found a staircase to the Ecumenical Temple.
  8108 | Temple   | Entered the Ecumenical Temple
  8280 | Temple   | Became a worshipper of Kikubaaqudgha
  8555 | D:8      | Found a sand-covered staircase.
  8560 | Ossuary  | Entered an ossuary
  8924 | D:2      | Bought a small steel ring for 120 gold pieces
  8963 | D:2      | Bought a pair of boots for 121 gold pieces
  9251 | D:8      | Found a staircase to the Lair.
  9285 | D:8      | Noticed a two-headed ogre
  9560 | D:8      | Reached skill level 9 in Necromancy
 10029 | D:8      | Reached * piety under Kikubaaqudgha
 10029 | D:8      | Received a gift from Kikubaaqudgha
 10032 | D:8      | Learned a level 1 spell: Kiss of Death
 10072 | D:8      | Killed a two-headed ogre
 10073 | D:8      | Reached skill level 10 in Necromancy
 10456 | D:8      | Reached XP level 10. HP: 71/76 MP: 6/20
 10796 | D:9      | Noticed Pikel
 10815 | D:9      | Killed Pikel
 10934 | D:9      | Found a transporter.
 10943 | D:9      | Noticed a tengu warrior
 10946 | D:9      | Noticed ouz's ghost (journeyman FoFi)
 11013 | D:9      | Found a transporter.
 11018 | D:9      | Found a bloodstained altar of Trog.
 11018 | D:9      | Noticed a moth of wrath
 11019 | D:9      | Noticed a two-headed ogre
 11022 | D:9      | Noticed a two-headed ogre
 11351 | D:9      | Found Naeck's Book Boutique.
 11459 | D:9      | Reached ** piety under Kikubaaqudgha
 11588 | D:10     | Entered Level 10 of the Dungeon
 11588 | D:10     | Found Iduluh's General Store.
 11646 | D:10     | Found Meanof's Book Emporium.
 11931 | D:10     | Noticed Tenar's ghost (journeyman BaEE)
 11932 | D:10     | Noticed a lich
 11934 | D:10     | Noticed an ice dragon
 11934 | D:10     | Noticed a purple ugly thing
 11934 | D:10     | Noticed a skeletal warrior
 11935 | D:10     | Noticed a skeletal warrior
 11935 | D:10     | Noticed a skeletal warrior
 11935 | D:10     | Noticed a necromancer
 11936 | D:10     | Noticed a wolf spider
 12331 | D:10     | Found a runed translucent door.
 12351 | D:10     | Noticed a two-headed ogre
 12356 | D:10     | Killed a two-headed ogre
 12357 | D:10     | Reached skill level 11 in Necromancy
 12459 | D:10     | Found the +18 Lear's hauberk
 12553 | D:10     | Found a runed translucent door.
 12614 | D:10     | Noticed a two-headed ogre
 12625 | D:10     | Killed a two-headed ogre
 12626 | D:10     | Reached skill level 5 in Dodging
 12626 | D:10     | Reached skill level 5 in Evocations
 13091 | D:10     | Reached XP level 11. HP: 58/84 MP: 5/21
 13723 | D:11     | Noticed a six-headed hydra
 13731 | D:11     | Killed a six-headed hydra
 13788 | D:11     | Reached *** piety under Kikubaaqudgha
 13788 | D:11     | Received a gift from Kikubaaqudgha
 13789 | D:11     | Reached skill level 12 in Necromancy
 14112 | D:11     | Noticed a two-headed ogre
 14123 | D:11     | Killed a two-headed ogre
 14241 | D:11     | Found Ifuckul's Jewellery Shop.
 15087 | Lair:1   | Entered Level 1 of the Lair of Beasts
 15306 | Lair:1   | Learned a level 4 spell: Anguish
 15311 | Lair:1   | Learned a level 4 spell: Dispel Undead
 15317 | Lair:1   | Learned a level 5 spell: Borgnjor's Vile Clutch
 15393 | Lair:1   | Reached skill level 1 in Armour
 15572 | Lair:1   | Noticed Urug
 15667 | Lair:1   | Found a runed translucent gate.
 15667 | Lair:1   | Found a runed translucent gate.
 15667 | Lair:1   | Found a runed translucent gate.
 15667 | Lair:1   | Noticed Ycunkos's ghost (journeyman MfGl)
 15667 | Lair:1   | Noticed gabibbone's ghost (journeyman DjVM)
 15704 | Lair:1   | Reached skill level 1 in Hexes
 15704 | Lair:1   | Reached skill level 1 in Earth Magic
 16765 | Lair:2   | Reached XP level 12. HP: 65/94 MP: 21/23
 16889 | Lair:2   | Noticed an eight-headed hydra
 16901 | Lair:2   | Killed an eight-headed hydra
 17199 | Lair:2   | Reached **** piety under Kikubaaqudgha
 17266 | Lair:2   | Found a staircase to the Swamp.
 17637 | Lair:2   | Noticed a death yak
 17642 | Lair:2   | Noticed a death yak
 17642 | Lair:2   | Noticed a death yak
 17644 | Lair:2   | Noticed a death yak
 17645 | Lair:2   | Noticed a death yak
 17646 | Lair:2   | Noticed Erica
 18057 | Lair:2   | Killed Erica
 18207 | Lair:2   | Killed a death yak
 18806 | Lair:2   | Killed a death yak
 19061 | Lair:2   | Found a staircase to the Swamp.
 19419 | Lair:2   | Killed a death yak
 19419 | Lair:2   | Killed a death yak
 19419 | Lair:2   | Killed a death yak
 19869 | Lair:3   | Found a staircase to the Snake Pit.
 19869 | Lair:3   | Noticed Nergalle
 19905 | Lair:3   | Killed Nergalle
 20180 | Lair:3   | Reached skill level 13 in Necromancy
 21061 | Lair:3   | Gained mutation: You are strongly in touch with the powers
                  | of death. [Mummy growth]
 21061 | Lair:3   | Reached XP level 13. HP: 92/102 MP: 5/25
 21490 | Lair:3   | Identified the +7 spear "Qibe" {holy, Str+3}
 22196 | Lair:4   | Reached skill level 10 in Fighting
 22938 | Lair:4   | Learned a level 6 spell: Death Channel
 22967 | Lair:5   | Entered Level 5 of the Lair of Beasts
 22990 | Lair:5   | Found a staircase to the Slime Pits.
 23465 | D:12     | Found a staircase to the Orcish Mines.
 23551 | D:12     | Reached skill level 5 in Hexes
 23693 | D:12     | Found a runed translucent door.
 23694 | D:12     | Noticed Sosopn's ghost (journeyman MiFi)
 23954 | D:12     | Found a basalt altar of Yredelemnul.
 25684 | Orc:1    | Entered Level 1 of the Orcish Mines
 25926 | Orc:2    | Entered Level 2 of the Orcish Mines
 25940 | Orc:2    | Reached skill level 5 in Earth Magic
 25948 | Orc:2    | Noticed an orc warlord
 25948 | Orc:2    | Slain by an orc warrior

Illustrated notes

Levels and vault maps discovered:
D:1:      zelgadis_glass_arrival_small, layout_rooms,
          shapermc_ecumenical_altar_mp_vishouse, ebering_dispersal_statue_hall
D:2:      layout_rooms, basic_altar, serial_shops, shop,
          nicolae_shop_behind_doors, uniq_crazy_yiuf_cottage, uniq_terence,
          uniq_jessica
D:3:      layout_loops_cross, uniq_natasha
D:4:      layout_gridville, uniq_robin
D:5:      layout_basic, nicolae_overflow_hallway_of_the_gods
D:6:      layout_rooms, grunt_temple_overflow_lords_of_destruction,
          serial_shops, nicolae_shop_crystal, gammafunk_ghost_abyssal_escape,
          grunt_ministairs_5
D:7:      layout_loops_corners, mainiacjoe_overflow_boulevard,
          minmay_temple_entry_sparse_star, uniq_joseph
D:8:      layout_basic, erik_lair_orcish_takeover, enter_ossuary_5
D:9:      layout_basic, serial_shops, kennysheep_mini_moat,
          gammafunk_ghost_wrathful_warriors, abandoned_shop, uniq_pikel
D:10:     layout_stronghold, muffindrake_ghost_dual_entry, serial_shops,
          nicolae_stop_n_shop_1, nicolae_inconvenience_store,
          chequers_serial_rivers_large_b, kennysheep_another_room
D:11:     layout_roguey, serial_shops, shop_fountains
D:12:     layout_stronghold, david_orc_1_choice, ebering_ghost_reflecting_pool,
          lemuel_zombie_altar_yredelemnul
Temple:   hellmonk_temple_forest_ring
Lair:1:   layout_roguey, gammafunk_ghost_cemetery, serial_bayou_shore_a,
          uniq_urug
Lair:2:   layout_small_grid, skrybe_swamp_entry_bodies, uniq_erica
Lair:3:   cheibrodos_lair_overgrown_chateau, layout_long_grid, minivault_19,
          dpeg_oklob_1, uniq_nergalle
Lair:4:   layout_gridlike
Lair:5:   evilmike_catoblepas_cave, layout_misc_corridors, slime_entry_1
Orc:1:    layout_diamond_mine, serial_shops, nicolae_shop_crystal
Orc:2:    grunt_orc_cross, layout_caves, serial_shops,
          nicolae_shop_hallway_plus, basic_altar

Skill      XL: |  1  2  3  4  5  6  7  8  9 10 11 12 13 |
---------------+----------------------------------------+-----
Fighting       | 1 2 3 4 5 6 7 8 9 10 | 10.0
Spellcasting   | 3 4 5 7 8 |  8.9
Stealth        | 2 3 4 |  4.0
Dodging        | 2 3 4 5 6 7 |  7.2
Necromancy     | 5 6 7 8 10 11 12 13 | 13.5
Evocations     | 1 3 5 6 7 |  7.1
Armour         | 1 3 |  3.8
Hexes          | 1 4 5 |  5.4
Earth Magic    | 1 3 5 |  5.0

Action                   |  1- 3 |  4- 6 |  7- 9 | 10-12 | 13-15 || total
-------------------------+-------+-------+-------+-------+-------++-------
Melee: Whip              |    38 |    61 |       |       |       ||    99
       Trident           |       |    79 |   330 |   787 |   263 ||  1459
Throw: Stone             |       |     2 |     2 |     8 |     2 ||    14
       Boomerang         |       |       |     1 |       |       ||     1
 Cast: Necrotise         |    34 |    17 |    12 |    13 |       ||    76
       Vampiric Draining |     3 |    17 |    50 |    89 |     6 ||   165
       Anguish           |       |       |       |    22 |    24 ||    46
       Borgnjor's Vile C |       |       |       |    22 |    11 ||    33
       Animate Dead      |       |       |       |     6 |     6 ||    12
Invok: Unearth Wretches  |       |       |       |       |     4 ||     4
Evoke: Wand              |       |       |     9 |    11 |       ||    20
  Use: Scroll            |     5 |     7 |     9 |     4 |     6 ||    31
 Stab: Sleeping          |       |       |     7 |     4 |     1 ||    12
       Distracted        |       |       |       |     3 |       ||     3
Armor: Robe              |     7 |    43 |   154 |   579 |   235 ||  1018
Dodge: Dodged            |    29 |   102 |   254 |   808 |   296 ||  1489

Table legend: (Time is in decaauts)
 A = Elapsed time spent in this place.
 B = Non-inter-level travel time spent in this place.
 C = Inter-level travel time spent in this place.
 D = Time resting spent in this place.
 E = Time spent auto-exploring this place.
 F = Levels seen in this place.
 G = Mean time per level.
                   A        B        C        D        E       F      G
               +--------+--------+--------+--------+--------+-----+--------+
         Total |  26489 |  24575 |   1914 |   3769 |  16562 |  21 | 1261.4 |
       Dungeon |  17504 |  15973 |   1531 |   2425 |  10740 |  12 | 1458.7 |
        Temple |    180 |    148 |     32 |      0 |    136 |   1 |  180.0 |
          Lair |   8316 |   7980 |    336 |   1325 |   5488 |   5 | 1663.2 |
  Orcish Mines |    272 |    258 |     14 |      0 |    187 |   2 |  136.0 |
       Ossuary |    215 |    215 |      0 |     19 |     11 |   1 |  215.0 |
               +--------+--------+--------+--------+--------+-----+--------+

Top non-repeatable levels by time:
  Lair:2: 2933 daAuts
  Lair:3: 2367 daAuts
    D:11: 2263 daAuts
     D:3: 2062 daAuts
    D:10: 2011 daAuts
     D:8: 1886 daAuts
  Lair:1: 1842 daAuts
    D:12: 1551 daAuts
     D:7: 1507 daAuts
     D:5: 1468 daAuts
  Lair:4: 1167 daAuts
     D:2: 1053 daAuts
     D:6: 1029 daAuts
     D:9: 947 daAuts
     D:4: 908 daAuts
